 Dungeon Crawl Stone Soup version 0.29.1-13-g9f3cf754e1 (webtiles) character file.

Game seed: 9561044261776516683

6 bjubeck the Caller (level 1, 0/11 HPs)
             Began as a Tengu Summoner on Feb 2, 2023.
             Slain by a jackal (3 damage)
             ... on level 1 of the Dungeon.
             The game lasted 00:03:07 (257 turns).

bjubeck the Caller (Tengu Summoner)                  Turns: 257, Time: 00:03:08

Health: 0/11       AC:  2    Str:  8    XL:     1   Next: 90%
Magic:  0/4        EV: 12    Int: 15    God:
Gold:   0          SH:  0    Dex: 14    Spells: 3/4 levels left

rFire   . . .      SeeInvis .   (no weapon)
rCold   . . .      Faith    .   (no shield)
rNeg    . . .      Spirit   .   a - +0 robe
rPois   .          Reflect  .   (helmet restricted)
rElec   .          Harm     .   (no cloak)
rCorr   .          Rampage  .   (no gloves)
Will    .....                   (boots unavailable)
Stlth   ++........              (no amulet)
HPRegen 0.03/turn               (no ring)
MPRegen 0.09/turn               (no ring)

@: no status effects
A: beak, talons 3
a: no special abilities


You were on level 1 of the Dungeon.
You visited 1 branch of the dungeon, and saw 1 of its levels.

Inventory:

Armour
 a - a +0 robe (worn)
Potions
 b - a potion of magic
 c - a potion of cancellation {unknown}


   Skills:
 + Level 0.3 Fighting
 + Level 0.4 Armour
 + Level 2.3 Dodging
 - Level 2.0 Stealth
 + Level 2.1 Spellcasting
 + Level 4.9 Summonings


You had 3 spell levels left.
You knew the following spells:

 Your Spells              Type           Power      Damage    Failure   Level
a - Summon Small Mammal   Summ           64%        N/A       3%          1

Your spell library contained the following spells:

 Spells                   Type           Power      Damage    Failure   Level
 Call Imp                 Summ           16%        N/A       4%          2
 Call Canine Familiar     Summ           16%        N/A       9%          3
 Sting                    Tmut/Pois      4%         1d3       22%         1
 Summon Guardian Golem    Hex/Summ       8%         N/A       24%         3
 Poisonous Vapours        Pois/Air       2%         N/A       32%         2
 Summon Lightning Spire   Summ/Air       8%         N/A       63%         4
 Olgreb's Toxic Radiance  Pois           1%         N/A       91%         4


Dungeon Overview and Level Annotations

Branches:
Dungeon (1/15)

Altars:


Innate Abilities, Weirdness & Mutations

You have a beak for a mouth.
You have claws for feet.


Message History

g - Guard the area. f - Follow me.
Anything else - Cancel.
Gang up on whom?
Press: ? - help, Dir - move target, f - jackal, p - hobgoblin
Aim: a jackal (ally target) Attack!
Your bat hits the jackal but does no damage.
The jackal closely misses you.
Your bat completely misses the jackal.
The hobgoblin attacks as you move away!
The hobgoblin hits you but does no damage.
The jackal closely misses your bat.
Your bat closely misses the jackal.
Your bat barely misses the hobgoblin.
The jackal attacks as you move away! The jackal barely misses you.
The jackal closely misses you.
Casting: Summon Small Mammal (safe; 3% risk of failure)
Confirm with . or Enter, or press ? or * to list all spells.
The jackal bites you. The hobgoblin misses your bat.
Your bat hits the jackal.
Your bat barely misses the hobgoblin.
The jackal bites you but does no damage.
The hobgoblin closely misses your bat. The jackal attacks as you move away!
The jackal misses you.
Your bat misses the jackal. Your bat hits the jackal.
The hobgoblin hits your bat.
Your bat hits the hobgoblin but does no damage.
The jackal attacks as you move away! The jackal bites you.
Your bat hits the jackal but does no damage.
The jackal bites you.
Your bat misses the jackal.
Your bat barely misses the jackal.
Your bat barely misses the jackal. x2; Your bat closely misses the hobgoblin.
Your bat closely misses the hobgoblin.
The jackal bites you.
* * * LOW HITPOINT WARNING * * *
Your bat barely misses the hobgoblin.
Your bat barely misses the jackal.
Your bat hits the jackal but does no damage.
The jackal barely misses you. The hobgoblin hits your bat.
Your bat hits the hobgoblin.
Casting: Summon Small Mammal (safe; 3% risk of failure)
Confirm with . or Enter, or press ? or * to list all spells.
Your bat hits the jackal. The jackal bites you.
You die...

#######.#.#
#>........(
########)#######.#
#...........####.#
#.###.............
#.# #.(..##.####.#
#r# #....##.####+#
#.# #..[.##....†..
#@# #....##.......
#h# #######.......
#.# #....... #b#
#.......
#.#........#####+#
#g#........# #
#h#........# #
#h#........# #
#.#h.b.....# #


You could see 3 jackals, a hobgoblin, a friendly quokka (summoned) and a
friendly bat (summoned).

Vanquished Creatures
  A bat (D:1)
1 creature vanquished.

Vanquished Creatures (collateral kills)
  An endoplasm (D:1)
  A giant cockroach (D:1)
  A kobold (D:1)
  A bat (D:1)
4 creatures vanquished.

Grand Total: 5 creatures vanquished

Notes
Turn   | Place    | Note
-------+----------+-------------------------------------------
     0 | D:1      | bjubeck the Tengu Summoner began the quest for the Orb.
     0 | D:1      | Reached XP level 1. HP: 10/10 MP: 4/4
   257 | D:1      | Slain by a jackal

Illustrated notes

Levels and vault maps discovered:
D:1:      lightli_iron_boxes, layout_basic

Action                   || total
-------------------------++-------
Melee: Unarmed           ||     5
       Kick              ||     2
 Cast: Summon Small Mamm ||    16
Armor: Robe              ||     8
Dodge: Dodged            ||    15
